 Dungeon Crawl Stone Soup version 0.18-a0-674-g00855b9 (webtiles) character file.

5276 GeneralIdiocy the Cleaver (level 10, -6/70 HPs)
             Began as a Formicid Fighter on Dec 6, 2015.
             Was an Elder of Okawaru.
             Mangled by a spiny frog (16 damage)
             ... on level 1 of the Lair of Beasts.
             The game lasted 00:15:53 (8019 turns).

GeneralIdiocy the Cleaver (Formicid Fighter)        Turns: 8019, Time: 00:15:53

Health: -6/70      AC: 10    Str: 22    XL:     10   Next: 94%
Magic:  10/10      EV:  9    Int: 10    God:    Okawaru [****..]
Gold:   438        SH: 12    Dex: 10    Spells: 0 memorised, 9 levels left

rFire  + + .     SeeInvis +     p - +2 war axe (chop)
rCold  x . .     Clarity  .     t - +0 fire dragon armour
rNeg   . . .     SustAt   +     c - +0 shield
rPois  .         Gourm    .     (helmet unavailable)
rElec  .         Spirit   .     j - +0 cloak
rCorr  .         Dismiss  .     (no gloves)
rMut   .         Stasis   +     (no boots)
MR     +....                    n - amulet of faith
Stlth  ..........               (no ring)
                                x - ring of sustain attributes

@: somewhat resistant to hostile enchantments, extremely unstealthy
A: permanent stasis, dig shafts and tunnels, four strong arms, antennae 3
a: Dig, Shaft Self, Heroism, Renounce Religion


You were on level 1 of the Lair of Beasts.
You worshipped Okawaru.
Okawaru was greatly pleased with you.
You were not hungry.

You visited 3 branches of the dungeon, and saw 10 of its levels.

You collected 438 gold pieces.

Inventory:

Hand Weapons
 p - a +2 war axe of chopping (weapon)
Missiles
 q - 6 javelins of penetration
 F - a throwing net (quivered)
Armour
 c - a +0 shield (worn)
 j - a +0 cloak (worn)
 t - a +0 fire dragon armour (worn)
Jewellery
 a - a cursed amulet of the gourmand {unknown}
 n - an amulet of faith (around neck)
 x - a ring of sustain attributes (left hand)
Wands
 b - a wand of slowing (13)
 g - a wand of slowing (33)
 r - a wand of confusion (42)
 y - a wand of fire (7)
 A - a wand of polymorph (14)
 D - a wand of enslavement (21)
 E - a wand of disintegration (12)
Scrolls
 l - 2 scrolls of recharging
 v - 2 scrolls of magic mapping
 w - 2 scrolls of remove curse
 C - a scroll of fear
 I - a scroll of immolation {unknown}
Potions
 d - 3 potions of might
 h - a potion of degeneration
 i - 2 potions of berserk rage
 k - 2 potions of curing
 o - 3 potions of mutation
 s - 2 potions of heal wounds
 u - a potion of lignification
 z - a potion of brilliance
 G - a potion of flight {unknown}
Books
 m - an Akashic Record

   Spells                             Type                      Level
   a - Dispersal                      Translocation                6
   b - Malign Gateway                 Summoning/Translocation      7
   c - Disjunction                    Translocation                8
   d - Controlled Blink               Translocation                8
Comestibles
 e - 6 bread rations
 f - 6 meat rations
 B - a royal jelly
 H - 5 fruits


   Skills:
 - Level 3.2 Fighting
 * Level 12.5 Axes
 * Level 1.5 Throwing
 + Level 4.3 Armour
 - Level 10.4 Shields


You had 9 spell levels left.
You didn't know any spells.

Dungeon Overview and Level Annotations

Branches:
Dungeon (8/15)             Temple (1/1) D:4            Lair (1/8) D:8

Altars:
Ashenzari
Cheibriados
Dithmenos
Elyvilon
Fedhas
Gozag
Makhleb
Nemelex Xobeh
Okawaru
Qazlal
Ru
Trog
Yredelemnul
The Shining One

Shops:
D:4 [   D:6 }   D:8 (


Innate Abilities, Weirdness & Mutations

You are under a permanent stasis effect.
You can dig through walls and to a lower floor.
Your four strong arms can wield two-handed weapons with a shield.
You have a pair of large antennae on your head (SInv).


Message History

You are more poisoned.
The spiny frog poisons you!
Drink which item? (? for menu, Esc to quit)
Okay, then.
You feel very sick. You block the river rat's attack.
You block the spiny frog's attack.
You feel sick.
The river rat bites you but does no damage.
You feel very sick.
You feel sick.
You feel very sick.
* * * LOW HITPOINT WARNING * * *
You feel sick. The spiny frog stings you!
* * * LOW HITPOINT WARNING * * *
Drink which item? (? for menu, Esc to quit)
You feel better. You block the spiny frog's attack.
You barely miss the spiny frog.
The spiny frog is severely wounded.
The spiny frog stings you!
You die...

......................
......†...............
......................
......†......†..#####
..........#####.#
........r## ##.# ..
.......rr# #..## .#
########F# ##..# . #@#
#.## ##.###### #.# #.#
#.#.#.#.# #.# ###.##
###.........
#.####P#..#
...#†#.#.#.#
#........## ##..#
...<.......
#........P##.#..#
..†#.#.#.#.#
#...............#
+#..........
##...###.........#
..##.#.#.#.#
#P...#####.......##


You could see a spiny frog and 3 river rats.

Vanquished Creatures
  Joseph (D:8)
  The ghost of jestert79 the Cudgeler, a novice KoFi of Pakellas (D:4)
  Sigmund (D:2)
  A wyvern (D:8)
  A hungry ghost (D:8)
  5 water moccasins
  2 phantoms
  A necrophage (D:7)
  An ice beast (D:6)
  A wasp (D:6)
  2 porcupines
  3 sky beasts
  3 centaurs
  2 ogres
  5 giant frogs
  Blork the orc (D:4)
  A jelly (D:5)
  4 scorpions
  A water moccasin zombie (D:6)
  3 killer bees (D:7)
  5 wights (D:7)
  A giant frog zombie (D:5)
  2 hounds
  2 crimson imps (D:5)
  7 orc priests
  2 giant frog skeletons
  6 iguanas
  A quasit (D:5)
  A centaur skeleton (D:5)
  4 worker ants
  A hell rat (D:8)
  8 orc wizards
  13 gnolls
  12 river rats (Lair:1)
  6 adders
  2 shadow imps (D:7)
  A worm (D:4)
  2 adder skeletons
  5 giant geckos
  35 orcs
  A ball python (D:1)
  12 bats
  4 giant cockroaches
  17 hobgoblins
  11 jackals
  9 kobolds
  3 quokkas
  16 goblins
  7 rats
236 creatures vanquished.

Notes
Turn   | Place    | Note
--------------------------------------------------------------
     0 | D:1      | GeneralIdiocy the Formicid Fighter began the quest for the Orb.
     0 | D:1      | Reached XP level 1. HP: 18/18 MP: 1/1
   240 | D:1      | Reached XP level 2. HP: 20/24 MP: 2/2
   663 | D:2      | Found a basalt altar of Yredelemnul.
   722 | D:2      | Found a faded altar to an unknown god.
   800 | D:2      | Reached XP level 3. HP: 29/29 MP: 3/3
   843 | D:2      | Found a white marble altar of Elyvilon.
  1008 | D:2      | Noticed Sigmund
  1017 | D:2      | Killed Sigmund
  1017 | D:2      | Reached skill level 4 in Axes
  1017 | D:2      | Reached skill level 5 in Shields
  1017 | D:2      | Reached XP level 4. HP: 21/35 MP: 4/4
  1017 | D:2      | Reached XP level 5. HP: 24/41 MP: 5/5
  1218 | D:2      | Reached XP level 6. HP: 45/47 MP: 6/6
  1316 | D:2      | Reached skill level 5 in Axes
  2125 | D:3      | Reached XP level 7. HP: 48/52 MP: 7/7
  2127 | D:3      | Reached skill level 6 in Axes
  2394 | D:4      | Found Ceorr's Antique Armour Boutique.
  2605 | D:4      | Noticed Blork the orc
  2620 | D:4      | Killed Blork the orc
  2625 | D:4      | Found a burning altar of Makhleb.
  2877 | D:4      | Reached skill level 7 in Axes
  3036 | D:4      | Reached XP level 8. HP: 45/58 MP: 8/8
  3237 | D:4      | Noticed jestert79's ghost (novice KoFi)
  3251 | D:4      | Killed jestert79's ghost
  3251 | D:4      | Reached skill level 8 in Axes
  3344 | D:4      | Found a staircase to the Ecumenical Temple.
  3463 | Temple   | Entered the Ecumenical Temple
  3473 | Temple   | Became a worshipper of Warmaster Okawaru
  3601 | D:5      | Entered Level 5 of the Dungeon
  3832 | D:5      | Reached * piety under Okawaru
  3843 | D:5      | Reached XP level 9. HP: 56/64 MP: 9/9
  3899 | D:5      | Found a glowing golden altar of the Shining One.
  3957 | D:5      | Reached skill level 9 in Axes
  4143 | D:5      | Found a shadowy altar of Dithmenos.
  4769 | D:6      | Found Senwiq's Gadget Shop.
  4990 | D:6      | Reached ** piety under Okawaru
  5035 | D:6      | Reached skill level 10 in Axes
  5976 | D:7      | Found a shattered altar of Ashenzari.
  6000 | D:7      | Reached XP level 10. HP: 51/70 MP: 10/10
  6105 | D:7      | Reached skill level 11 in Axes
  6308 | D:7      | Reached *** piety under Okawaru
  6553 | D:7      | Reached skill level 10 in Shields
  6814 | D:7      | Found a sacrificial altar of Ru.
  6869 | D:8      | Found a staircase to the Lair.
  7006 | D:8      | Found a blossoming altar of Fedhas.
  7052 | D:8      | Noticed Joseph
  7065 | D:8      | Killed Joseph
  7065 | D:8      | Reached **** piety under Okawaru
  7065 | D:8      | Reached skill level 12 in Axes
  7198 | D:8      | Found Riuruzyo's Antique Weapon Emporium.
  7285 | D:8      | Found a bloodstained altar of Trog.
  7746 | Lair:1   | Entered Level 1 of the Lair of Beasts
  7799 | Lair:1   | Received a gift from Okawaru
  7849 | Lair:1   | Reached skill level 1 in Throwing
  8002 | Lair:1   | Noticed a spiny frog
  8017 | Lair:1   | HP: 3/70 [spiny frog (17)]
  8019 | Lair:1   | Mangled by a spiny frog

Vault maps used:
D:1:      minmay_arrival_radiant_lines
D:2:      elyvilon_altar_1, ecumenical_altar_1, minivault_24,
          yredelemnul_altar_generic, uniq_sigmund
D:4:      makhleb_heckhound_becter, minmay_temple_entry_poolview, serial_shops,
          nicolae_shop_statue_plus, uniq_blork_the_orc
D:5:      kennysheep_mini, nicolae_dithmenos_the_darkroom, first_bread
D:6:      serial_shops, nicolae_shop_waterfront
D:7:      corexii_shantytown, evilmike_ruin_ashenzari, nicolae_ru_path_of_blood
D:8:      fedhas_altar_fruit_tree, lightli_temple_of_fire, dpeg_lair_monsters,
          serial_shops, shop, uniq_joseph
Temple:   triangle_lava_temple_12
Lair:1:   st_stairs_9, grunt_megastairs_2

Action                   |  1- 3 |  4- 6 |  7- 9 | 10-12 || total
-------------------------+-------+-------+-------+-------++-------
Melee: War axe           |    87 |   116 |   366 |   215 ||   784
Evoke: Wand              |       |       |     1 |       ||     1
  Use: Potion            |     3 |       |     1 |     1 ||     5
       Scroll            |       |       |    12 |     4 ||    16
 Stab: Confused          |       |       |     1 |       ||     1
  Eat: Chunk             |       |     4 |    11 |     4 ||    19
       Beef jerky        |       |       |     1 |     3 ||     4
